Cogmind - Beta 14 @@@ ROGUE MODE // 2025.03.27 @ 09:25:03 Player: ochotona_princeps Result: Destroyed by D-53 Grenadier with Mini Grenade Launcher Performance ------------- Evolutions (0) 0 Regions Visited (4) 800 Robots Destroyed (29) 145 Value Destroyed (675) 675 Prototype IDs (1) 20 Alien Tech Used (0) 0 Bonus (77) 77 TOTAL SCORE: 1717 Bonus ------- Follower Combat Kills 96 Friendly Fire -19 Cogmind --------- Core Integrity 0/250 Matter 474/500 Energy 100/100 System Corruption 1% Temperature Cool (0) Movement Treading (145) Location -9/Mines Parts ------- > --- POWER (1) -------- (None) > --- PROPULSION (2) --- Advanced Treads Advanced Treads > --- UTILITY (2) ------ High-capacity Matter Pod Hacking Suite > --- WEAPON (2) ------- Light Cannon > --- INVENTORY (5) ---- Light Treads Flight Unit Flight Unit Sensor Array Improved Signal Interpreter Peak State ------------ > --- POWER ------------ Light Nuclear Core > --- PROPULSION ------- Light Treads Light Treads > --- UTILITY ---------- Hacking Suite Thief Drone Bay > --- WEAPON ----------- Light Cannon Light Cannon > --- INVENTORY -------- Light Treads Flight Unit Flight Unit Sensor Array Signal Interpreter [Rating: 17] Favorites ----------- Power Light Nuclear Core Engine Light Ion Engine Power Core Light Nuclear Core Propulsion Light Treads Treads Light Treads Wheel Wheel Hover Unit Hover Unit Flight Unit Flight Unit Utility Hacking Suite Device Sensor Array Storage High-capacity Matter Pod Hackware Hacking Suite Weapon Light Cannon Energy Gun Small Laser Ballistic Gun Assault Rifle Ballistic Cannon Light Cannon Build | -11 -10 -10 -10 -9 ------- Run | Yrd Mat Min Exi Min Slots Evolved . | . . . . . Power . | . . . . . Propulsion . | . . . . . Utility . | . . . . . Weapon . | . . . . . Parts Attached 29 | 6 18 5 . . Power 3 | 1 1 1 . . Engine 2 | 1 1 . . . Core 1 | . . 1 . . Reactor . | . . . . . Propulsion 11 | 2 7 2 . . Treads 5 | . 3 2 . . Leg . | . . . . . Wheel 2 | 2 . . . . Hover 2 | . 2 . . . Flight 2 | . 2 . . . Utility 6 | 1 3 2 . . Device 2 | . 1 1 . . Storage 3 | 1 1 1 . . Processor . | . . . . . Hackware 1 | . 1 . . . Protection . | . . . . . Artifact . | . . . . . Weapon 9 | 2 7 . . . Energy Gun 2 | 1 1 . . . Energy Cannon . | . . . . . Ballistic Gun 4 | 1 3 . . . Ballistic Cannon 3 | . 3 . . . Launcher . | . . . . . Special Weapon . | . . . . . Impact Weapon . | . . . . . Slashing Weapon . | . . . . . Piercing Weapon . | . . . . . Special Melee Weapon . | . . . . . Unidentified Prototypes 1 | . . 1 . . Parts Lost 8 | . 6 . . 2 Power 3 | . 2 . . 1 Propulsion 2 | . 2 . . . Utility 1 | . 1 . . . Weapon 2 | . 1 . . 1 Highest Loss Streak 3 | . 3 . . 2 To Critical Strikes . | . . . . . Average Slot Usage (%) 91 | . 83 99 100 92 Engine 5 | . 11 . . . Core 6 | . . 13 14 14 Treads 18 | . 9 28 28 28 Wheel 3 | . 7 . . . Flight 1 | . 3 . . . Storage 12 | . 11 14 14 14 Hackware 11 | . 10 14 14 14 Energy Gun 1 | . 2 . . . Ballistic Gun 5 | . 9 . . . Ballistic Cannon 21 | . 15 28 28 21 Peak Build Rating 17 | 6 9 17 15 15 Average Rating 10 | 4 7 12 15 14 On Entrance 8 | . 6 8 15 15 Naked Turns . | . . . . . Heaviest Build 15 | 11 13 15 15 15 Greatest Support 44 | 20 20 44 44 44 Greatest Overweight (x) 4 | 3 3 4 . . Average Overweight (x) . | . . . . . Largest Inventory Capacity 8 | 8 8 5 5 5 Average Capacity 5 | 6 5 5 5 5 Most Carried 5 | 2 5 5 5 5 Average Carried 4 | 1 3 4 5 5 Final Capacity 8 | 8 5 5 5 5 Final Carried 5 | 2 5 5 5 5 Class Distribution -------------------- 100% | Mutant Dominant Class ---------------- Mutant | -10/Materials Mutant | -10/Mines Mutant | -10/Exiles Mutant | -9/Mines Resources | -11 -10 -10 -10 -9 ----------- Run | Yrd Mat Min Exi Min Matter Collected 1102 | 173 714 215 . . Remotely . | . . . . . Salvage Created 899 | . 751 148 . . Parts 66 | . 50 16 . . Haulers Intercepted 2 | . 2 . . . Recyclers Shooed . | . . . . . Parts Field Recycled . | . . . . . Retrieved Matter . | . . . . . Parts Self-Destructed . | . . . . . Prevented . | . . . . . Kills | -11 -10 -10 -10 -9 ------- Run | Yrd Mat Min Exi Min Combat Hostiles Destroyed 18 | . 14 4 . . Guns 10 | . 10 . . . Cannons 8 | . 4 4 . . Classes Destroyed 9 | . 8 1 . . Builder 2 | . 1 1 . . Tunneler 2 | . 1 1 . . Hauler 2 | . 2 . . . Recycler 2 | . 2 . . . Operator 1 | . 1 . . . Watcher 3 | . 3 . . . Swarmer 3 | . 3 . . . Grunt 14 | . 11 3 . . Assembled 1 | . . 1 . . Best Kill Streak 4 | . 4 2 . . Combat Bots Only 2 | . 2 2 . . Max Kills in Single Turn 2 | . 2 1 . . Gunslinging . | . . . . . Exploded . | . . . . . Melee . | . . . . . Uniques/NPCs Destroyed . | . . . . . Combat | -11 -10 -10 -10 -9 -------- Run | Yrd Mat Min Exi Min Hostile Shots Fired 95 | . 77 4 . 14 Missed 20 | . 17 1 . 2 Damage Taken 1201 | . 725 48 . 428 Core 251 | . 87 11 . 153 Absorbed by Shields . | . . . . . Core Remaining (%) 100 | 100 . . . . Volleys Fired 116 | . 99 11 . 6 Largest 2 | . 2 2 . 2 Hottest 70 | . 70 70 . 70 Shots Fired 185 | . 154 22 . 9 Gun 98 | . 98 . . . Cannon 87 | . 56 22 . 9 Launcher . | . . . . . Special . | . . . . . Kinetic 167 | . 136 22 . 9 Thermal 18 | . 18 . . . Explosive . | . . . . . Electromagnetic . | . . . . . Robot Hit Streak 8 | . 8 3 . 2 Robot Miss Streak 4 | . 4 3 . 3 Penetration Max . | . . . . . Secondary Targets 1 | . 1 . . . Max Gunslinging Chain 1 | . 1 . . . Shots Hit Robots 104 | . 89 11 . 4 Core Hits 46 | . 39 7 . . Critical Kills . | . . . . . Critical Parts Destroyed . | . . . . . Critical Strikes 2 | . 1 . . 1 Blast 2 | . 1 . . 1 Melee Attacks . | . . . . . Impact . | . . . . . Slashing . | . . . . . Piercing . | . . . . . Sneak Attacks . | . . . . . Combat Hostiles . | . . . . . Follow-up Attacks . | . . . . . Damage Inflicted 1538 | . 1252 205 . 81 Guns 708 | . 708 . . . Cannons 830 | . 544 205 . 81 Explosions . | . . . . . Melee . | . . . . . Ramming . | . . . . . Kinetic 1459 | . 1173 205 . 81 Thermal 79 | . 79 . . . Explosive . | . . . . . Electromagnetic . | . . . . . Impact . | . . . . . Slashing . | . . . . . Piercing . | . . . . . Highest Corruption 1 | . 1 1 1 1 Average Corruption 1 | . 1 1 1 1 Corruption Purged . | . . . . . Corruption Blocked . | . . . . . Effects 11 | . . 9 2 . Message Errors 3 | . . 3 . . Matter Fused 1 | . . 1 . . Heat Flow Errors 1 | . . 1 . . Energy Discharges 3 | . . 3 . . Data Loss (minor) 2 | . . 1 1 . Data Loss (major) 1 | . . . 1 . Overload Shots . | . . . . . Overflow Damage 1 | . 1 . . . Projectiles 1 | . 1 . . . Explosions . | . . . . . Melee . | . . . . . Knockbacks 9 | . 5 2 . 2 Impact . | . . . . . Kinetic 9 | . 5 2 . 2 Secondary . | . . . . . Self-Inflicted Damage . | . . . . . Shots . | . . . . . Rammed . | . . . . . Targets Rammed . | . . . . . Kicked . | . . . . . Crushed . | . . . . . Highest Temperature 275 | . 105 275 . 30 Average Temperature 37 | . 31 57 . 13 Received Heat Transfer 390 | . 363 27 . . Siege Activations . | . . . . . Robots Corrupted . | . . . . . Combat Hostiles . | . . . . . Parts Fried . | . . . . . Impact Corruptions . | . . . . . Robots Melted . | . . . . . Combat Hostiles . | . . . . . Parts Melted . | . . . . . Heat Transferred 175 | . 175 . . . Parts Sabotaged . | . . . . . Parts Stolen . | . . . . . Parts Stripped . | . . . . . Power Chain Reactions . | . . . . . Alert | -11 -10 -10 -10 -9 ------- Run | Yrd Mat Min Exi Min Peak Influence 196 | . 196 56 . 74 Initial . | . . . . . Average 42 | . 53 29 . 53 Maximum Alert Level . | . . . . . Low Security (%) 100 | 100 100 100 . 100 Level 1 . | . . . . . Level 2 . | . . . . . Level 3 . | . . . . . Level 4 . | . . . . . Level 5 . | . . . . . High Security . | . . . . . Max Security . | . . . . . Squads Dispatched 3 | . 2 1 . . Investigation 2 | . 1 1 . . Extermination . | . . . . . Reinforcement 1 | . 1 . . . Assault . | . . . . . Garrison . | . . . . . Intercept . | . . . . . Searches Triggered . | . . . . . Construction Impeded . | . . . . . Haulers Reinforced . | . . . . . Active Scanning Responses . | . . . . . Cargo Convoy Interrupts . | . . . . . Stealth | -11 -10 -10 -10 -9 --------- Run | Yrd Mat Min Exi Min Distress Signals 1 | . 1 . . . Communications Jammed . | . . . . . Distress Signals . | . . . . . Times Spotted 37 | . 26 6 . 5 Peak Tracking Total 3 | . 3 2 . 3 Tactical Retreats 2 | . 2 . . . Traps | -11 -10 -10 -10 -9 ------- Run | Yrd Mat Min Exi Min Traps Triggered 1 | . 1 . . . Indirectly . | . . . . . Trap Hack Attempts . | . . . . . Triggered . | . . . . . Disarmed . | . . . . . Reprogrammed . | . . . . . Reused . | . . . . . Traps Extracted . | . . . . . Installed . | . . . . . Triggered . | . . . . . Machines | -11 -10 -10 -10 -9 ---------- Run | Yrd Mat Min Exi Min Machines Disabled . | . . . . . Max in Single Turn . | . . . . . Machines Repaired . | . . . . . Machines Dismantled . | . . . . . Machines Sabotaged . | . . . . . Overloaded Fab Kills . | . . . . . Hacking | -11 -10 -10 -10 -9 --------- Run | Yrd Mat Min Exi Min Machines Accessed 10 | . 7 2 1 . Terminals 6 | . 6 . . . Fabricators . | . . . . . Repair Stations . | . . . . . Recycling Units 1 | . 1 . . . Scanalyzers . | . . . . . Garrison Access . | . . . . . Total Hacks 33 | . 21 2 10 . Successful 21 | . 9 2 10 . Failed 12 | . 12 . . . Catastrophic 2 | . 2 . . . Database Lockouts . | . . . . . Manual 9 | . 9 . . . Terminals 17 | . 17 . . . Fabricators . | . . . . . Repair Stations . | . . . . . Recycling Units 4 | . 4 . . . Scanalyzers . | . . . . . Garrison Access . | . . . . . Terminal Hacks 18 | . 6 2 10 . Record 10 | . . . 10 . Open Door 2 | . . 2 . . Level Access Points 1 | . 1 . . . Branch Access Points 1 | . 1 . . . Emergency Access Points 1 | . 1 . . . Terminal Index 1 | . 1 . . . Unreport Threat 1 | . 1 . . . Registered Components 1 | . 1 . . . Fabricator Hacks . | . . . . . Repair Station Hacks . | . . . . . Recycling Unit Hacks 2 | . 2 . . . Retrieve Matter 1 | . 1 . . . Retrieve Components 1 | . 1 . . . Scanalyzer . | . . . . . Garrison Access Hacks . | . . . . . Unauthorized Hacks 1 | . 1 . . . Terminals 1 | . 1 . . . Operators 1 | . 1 . . . Fabricators . | . . . . . Repair Stations . | . . . . . Recycling Units . | . . . . . Scanalyzers . | . . . . . Garrison Access . | . . . . . Data Cores Recovered . | . . . . . Used . | . . . . . Hacking Detections 5 | . 5 . . . Full Trace Events 3 | . 3 . . . Feedback Events . | . . . . . Feedback Blocked . | . . . . . Robot Schematics Acquired . | . . . . . Robots Built . | . . . . . Authchips . | . . . . . Time . | . . . . . Total Robot Build Rating . | . . . . . Part Schematics Acquired . | . . . . . Parts Built . | . . . . . Authchips . | . . . . . Time . | . . . . . Total Part Build Rating . | . . . . . Parts Repaired . | . . . . . Time . | . . . . . Parts Recycled . | . . . . . Recycled Matter . | . . . . . Retrieved Matter 120 | . 120 . . . Retrieved Components 10 | . 10 . . . Parts Scanalyzed . | . . . . . Part Schematics Acquired . | . . . . . Parts Damaged . | . . . . . Bothacking | -11 -10 -10 -10 -9 ------------ Run | Yrd Mat Min Exi Min Used RIF Installer . | . . . . . Robots Hacked . | . . . . . Non-combat . | . . . . . Combat . | . . . . . Robot Hacks Applied . | . . . . . Relay Couplers Released . | . . . . . Fabnet Peak Effective % . | . . . . . Robots Rewired . | . . . . . Allies Hacked . | . . . . . Hacks Repelled . | . . . . . Allies | -11 -10 -10 -10 -9 -------- Run | Yrd Mat Min Exi Min Total Allies 4 | . . 4 . . Largest Group 4 | . . 4 1 1 Highest-Rated Group 71 | . . 71 16 16 Highest-Rated Ally 31 | . . 31 16 16 Total Orders 1 | . . 1 . . AID 1 | . . 1 . . Ally Attacks 20 | . . 17 . 3 Total Damage 281 | . . 238 . 43 Kills 6 | . . 3 . 3 Allies Corrupted . | . . . . . Allies Melted . | . . . . . Intel | -11 -10 -10 -10 -9 ------- Run | Yrd Mat Min Exi Min Robot Analysis Total . | . . . . . Derelict Logs Recovered . | . . . . . Drone Launches . | . . . . . Drone Recoveries . | . . . . . Exploration | -11 -10 -10 -10 -9 ------------- Run | Yrd Mat Min Exi Min Turns Passed 3173 | 47 1616 1200 290 20 Spaces Moved 2171 | 46 1201 719 201 4 Core 185 | 32 111 42 . . Treads 1233 | . 351 677 201 4 Legs . | . . . . . Wheels 341 | 14 327 . . . Hover 61 | . 61 . . . Flight 351 | . 351 . . . Fastest Speed 37 | 50 37 145 145 145 Average Speed 122 | 79 100 154 145 145 Slowest Speed 250 | 200 200 250 145 145 Overloaded Moves . | . . . . . Propulsion Burnouts . | . . . . . Robots Hopped 1 | . 1 . . . Cave-ins Triggered . | . . . . . Exploration Rate (%) 51 | 3 88 99 59 7 Regions Visited 4 Branch Regions 3 Pre-discovered Areas . | . . . . . Known Exits Taken 1 | . 1 . . . Unknown Exits Taken 3 | 1 . 1 1 . Scrap Searched 1 | . . 1 . . Spaces Dug . | . . . . . Terrain Destroyed . | . . . . . Melee . | . . . . . Projectile . | . . . . . AOE . | . . . . . Terrain Rammed . | . . . . . Walls Destroyed . | . . . . . Machines Disabled . | . . . . . Actions | -11 -10 -10 -10 -9 --------- Run | Yrd Mat Min Exi Min Total 2505 | 53 1457 785 200 10 Wait 160 | . 115 45 . . Move 2165 | 45 1198 718 200 4 Hop 1 | . 1 . . . Pick Up 14 | 2 11 1 . . Fast Attach 23 | 6 12 5 . . Attach 5 | . 5 . . . Detach . | . . . . . Swap 1 | . 1 . . . Drop 20 | . 15 5 . . Fire 116 | . 99 11 . 6 Melee . | . . . . . Ram . | . . . . . Kick . | . . . . . Crush . | . . . . . Escape Stasis . | . . . . . Rewire . | . . . . . Trap . | . . . . . Miscellaneous . | . . . . . Route ------- -11/Scrapyard -10/Materials (discovered 4 exits: *Mat x3 / *Min) -10/Mines (discovered 3 exits: *Mat x2 / *Exi) -10/Exiles -9/Mines History --------- Turn | Location | Event 11 | -11/Scrapyard | Discovered new exit (range 16) 48 | -11/Scrapyard | Entered Materials 279 | -10/Materials | Discovered new exit (range 5) 304 | -10/Materials | Build established: Mutant 450 | -10/Materials | Discovered new exit (range 9) 519 | -10/Materials | Identified exit to Mines 519 | -10/Materials | Identified exit to Materials 812 | -10/Materials | Lost 3 parts (1p1n1u) 1664 | -10/Materials | Entered Mines 1775 | -10/Mines | Found a hidden stash of uninstalled traps 1804 | -10/Mines | Deemed a non-threat by the Exiles lab entrance 1804 | -10/Mines | Discovered new exit (range 5) 1864 | -10/Mines | Found the Drone Emporium 1872 | -10/Mines | Found Prototype Device 1872 | -10/Mines | Identified Thief Drone Bay 2034 | -10/Mines | A weapon hastily lodged in a ceiling crevice suddenly fell to the ground 2198 | -10/Mines | Met a Derelict shopkeep closing up shop 2292 | -10/Mines | Excavation squad dispatched 2292 | -10/Mines | A large section of the Mines collapsed 2376 | -10/Mines | Discovered exit to Materials (range 8) 2392 | -10/Mines | Assisted by bots powering up and referring to "LRC-V3" 2448 | -10/Mines | Received a Mining Laser from a helpful Derelict 2579 | -10/Mines | Lost 3 allies 2604 | -10/Mines | Discovered exit to Materials (range 5) 2864 | -10/Mines | Entered Exiles 2864 | -10/Exiles | Accompanied by 1 ally 2899 | -10/Exiles | Met 8R-AWN 2924 | -10/Exiles | Met EX-HEX 2973 | -10/Exiles | Met EX-BIN 3067 | -10/Exiles | Met EX-DEC 3136 | -10/Exiles | Discovered new exit (range 14) 3154 | -10/Exiles | Entered Mines 3154 | -9/Mines | Accompanied by 1 ally 3155 | -9/Mines | Assembled infested the area 3171 | -9/Mines | Core integrity fell below 50% 3173 | -9/Mines | Core integrity fell below 20% 3174 | -9/Mines | Destroyed by D-53 Grenadier with Mini Grenade Launcher Last Messages --------------- chain! 03069_ EX-DEC: "Oops, I hope HEX didn't hear that..." 03136_ EXIT=FOUND LOCATION=UNKNOWN GOAL=ESCAPE 03154_ S-10 Pest knocked back. 03155_ ALERT: Infestation in the mines, dispatching Demolisher response squad. 03155_ S-10 Pest destroyed. 03157_ S-10 Pest knocked back. 03158_ S-10 Pest destroyed. 03166_ C-30 ARC bursts open, deploying its payload. 03166_ D-53 Grenadier unfolds itself. 03166_ Trooper 1b destroyed. 03166_ D-53 Grenadier Lgt. Deuterium Engine blasted off. 03168_ Lgt. Cannon destroyed. 03172_ Lgt. Nuclear Core destroyed. Map ----- +----------------------------------------------------+ | ??????????????????????????????????? | | ??????????????????????????????????? | | ??????????????????????????????????? | | ??????????????????????????????????? | | ??????????????????????????????????? | | ??????????????????????????????????? | | ??????????????????????????????????? | | ??????????????????????????????????? | | ??????????????????????????????????? | | ??????????????????????????????????? | | ??????????????????????????????????? | | ??????????????????????????????????? | | ??????????????????????????????????? | | ??????????????????????????????????? | | ??????????????????????????????????? | | ??????????????????????????????????? | | ??????????????????????????????????? | | ??????????????????????????????????? | | ??????????????#???????????????????? | | ????????????? ##??????????????????? | | ???????###### ##?????????????????? | | ??????## ##????????????????? | | ?????## ## #?????????????? | | ?????# d%d#?????????????? | | ?????# #????????????????? | | ?????#* @ #?????????????????? | | ????##= ##?????????????????? | | ????# #??????????????????? | | ????# ##??????????????????? | | ????# ##???????????????????? | | ????## #####????????????????????? | | ?????# #???????????????????????? | | ?????# ??????????????????????? | | ????? ?????????????????????? | | ????# ????????????????????? | | ????####### ???????????????????? | | ???????????# ??????????????????? | | ????????????# ?????????????????? | | ?????????????# ##????????????????? | | ??????????????###?????????????????? | | ??????????????????????????????????? | | ??????????????????????????????????? | | ??????????????????????????????????? | | ??????????????????????????????????? | | ??????????????????????????????????? | | ??????????????????????????????????? | | ??????????????????????????????????? | | ??????????????????????????????????? | | | | | +----------------------------------------------------+ Best States ------------- Heat Dissipation 25 Energy Generation 14 Energy Capacity 160 Matter Stores 500 Matter Capacity 500 Sight Range 16 Robot Scan Range 14 Terrain Scan Density 10 Evasion (%) 62 Recoil Reduction 2 Offensive Hacking 10 Item Schematics ----------------- None Robot Schematics ------------------ None Fabricated ------------ Nothing Alien Tech Used ----------------- None Achievements -------------- None Challenges ------------ None Game ------ Seed AssaultMachineFrame Manual? 0 Play Time 00:20:18 Cumulative 201.1 hours Start 2025.03.27 @ 08:57:25 End 2025.03.27 @ 09:25:03 Sessions 1 Manual Loads 0 Difficulty Rogue Special Mode None Game No. 194 Rogue 133 Adventurer 61 Explorer 0 Win Type - Total 9 Types 7/0/2/0/0/0/0/0/0 Lore% 31 Gallery% 64 Achievement% 60 Wizard Run 0 Options --------- Layout 1 ASCII 0 Keyboard 0 Movement Mouse Keybinds 0 Fullscreen 2 Font 32/SmallcapsGlow Map View 50x35 Zoom Use 0% Tactical HUD 1 Map Filters NONE Filters NONE Steam 1 RUN: 5e306c90-fbf2-49b9-a7e5-a2e1e96178c3